 Dungeon Crawl Stone Soup version 0.21.1-1-g345015fe64 (webtiles) character file.

70 Jannitor the Vexing (level 4, 0/30 HPs)
             Began as a Demonspawn Enchanter on Apr 3, 2018.
             Succumbed to an adder's poison
             ... on level 2 of the Dungeon.
             The game lasted 00:02:47 (1840 turns).

Jannitor the Vexing (Demonspawn Enchanter)          Turns: 1840, Time: 00:02:48

Health: 0/30       AC:  4    Str:  8 (9)  XL:     4   Next: 3%
Magic:  3/7        EV: 12    Int: 14 (16) God:
Gold:   204        SH:  0    Dex: 13 (14) Spells: 4/7 levels left

rFire    + . .     SeeInvis .   a - +1 dagger
rCold    + . .     Gourm    .   (no shield)
rNeg     . . .     Faith    .   b - +0 robe
rPois    .         Spirit   .   (helmet restricted)
rElec    .         Reflect  .   n - scarf {rC+ rF+}
rCorr    .         Harm     .   (no gloves)
MR       .....                  (no boots)
Stlth    ++........             (no amulet)
HPRegen  0.10/turn              (no ring)
MPRegen  0.10/turn              (no ring)

@: lethally poisoned (0 -> -3), flying
A: antennae 1, iridescent scales 1, powered by death 1
a: no special abilities


You were on level 2 of the Dungeon.
You were very hungry.

You visited 1 branch of the dungeon, and saw 2 of its levels.

You collected 204 gold pieces.

Inventory:

Hand Weapons
 a - a +1 dagger (weapon)
Missiles
 k - 6 needles of paralysis
Armour
 b - a +0 robe (worn)
 n - a scarf of resistance (worn)
Scrolls
 f - a scroll of magic mapping {unknown}
 g - a scroll of enchant armour {unknown}
 i - 3 scrolls of identify {unknown}
 l - a scroll of fear {unknown}
 m - 2 scrolls of blinking {unknown}
 o - a scroll of amnesia {unknown}
Books
 c - a book of Maledictions

   Spells                             Type                      Level
   a - Corona                         Hexes                        1
   b - Ensorcelled Hibernation        Hexes/Ice                    2
   c - Confuse                        Hexes                        3
   d - Tukima's Dance                 Hexes                        3
   e - Dazzling Spray                 Conjuration/Hexes            3
Comestibles
 d - 5 rations


   Skills:
 + Level 2.1 Short Blades
 - Level 1.7 Dodging
 + Level 3.4 Stealth
 - Level 2.0 Spellcasting
 + Level 3.7 Hexes


You had 4 spell levels left.
You knew the following spells:

 Your Spells              Type           Power        Failure   Level  Hunger
a - Corona                Hex            ##.....      4%          1    ##.....
b - Ensorcelled Hibernat  Hex/Ice        #.....       17%         2    ###....


Dungeon Overview and Level Annotations

Branches:
Dungeon (2/15)

Altars:
Ashenzari


Innate Abilities, Weirdness & Mutations

You have a pair of small antennae on your head.
You are partially covered in iridescent scales. (AC +2)
You regenerate a little health from kills.


Message History

The adder poisons you!
You hit the adder but do no damage.
The adder is almost dead.
* * * LOW HITPOINT WARNING * * *
You feel sick. The adder barely misses you.
You hit the adder.
You kill the adder!
You have reached level 4!
You feel agile.
Your demonic ancestry asserts itself...
Iridescent scales grow over part of your body.
Why would you want to do that? Why would you want to do that?
Unknown command.
Unknown command.
Drop what? 13/52 slots (_ for help) (? for menu, Esc to quit)
You drop 2 potions of degeneration.
* * * LOW HITPOINT WARNING * * *
You feel sick.
Unknown command.
You die...

.##..##.#.#.###
..............# #........S#
#..##.# .# #..##.# #...
#.#..##.# ..# ##.#..##.#{
..# .# #.#........# ..# .#
#.#..##.@### #.# #.#
#.#..##..# #####.###.###
...# #.#..##..#
#............ ....#
#.#..##..###.###.###.##
.##.# #.#..##.!....###.#
.##.## #.#..............#..
.....####.#.####.#########.#
..##..#...#.####.# #.#
#.##.............# #.#


There were no monsters in sight!

Vanquished Creatures
  Natasha (D:2)
  An adder (D:2)
  An ooze (D:1)
  A dart slug (D:1)
  A ball python (D:2)
  A bat (D:1)
  A giant cockroach (D:1)
  6 goblins
  5 hobgoblins (D:1)
  5 kobolds
  2 frilled lizards (D:2)
  4 rats
29 creatures vanquished.

Notes
Turn   | Place    | Note
-------+----------+-------------------------------------------
     0 | D:1      | Jannitor the Demonspawn Enchanter began the quest for the Orb.
     0 | D:1      | Reached XP level 1. HP: 13/13 MP: 3/3
   192 | D:1      | Reached skill level 1 in Short Blades
   614 | D:1      | Gained mutation: You regenerate a little health from kills. [demonic ancestry]
   614 | D:1      | Reached XP level 2. HP: 19/19 MP: 5/5
   805 | D:1      | Learned a level 2 spell: Ensorcelled Hibernation
  1453 | D:2      | Found a shattered altar of Ashenzari.
  1544 | D:2      | Gained mutation: You have a pair of small antennae on your head. [demonic ancestry]
  1544 | D:2      | Reached XP level 3. HP: 24/24 MP: 6/6
  1580 | D:2      | Noticed Natasha
  1583 | D:2      | Killed Natasha
  1833 | D:2      | HP: 1/24 [poisoned by an adder]
  1834 | D:2      | Gained mutation: You are partially covered in iridescent scales. (AC +2) [demonic ancestry]
  1834 | D:2      | Reached XP level 4. HP: 2/30 MP: 2/7
  1840 | D:2      | Succumbed to an adder's poison

Skill      XL: |  1  2  3 |
---------------+----------+-----
Short Blades   | 1 2 |  2.1
Stealth        | 3 |  3.4
Dodging        | |  1.7
Spellcasting   | |  2.0
Hexes          | |  3.7

Action                   |  1- 3 |  4- 6 || total
-------------------------+-------+-------++-------
Melee: Dagger            |   123 |       ||   123
 Cast: Corona            |     3 |       ||     3
       Ensorcelled Hiber |     4 |       ||     4
  Use: Potion            |     4 |       ||     4
 Stab: Sleeping          |     7 |       ||     7
  Eat: Chunk             |     2 |       ||     2
Armor: Robe              |    18 |       ||    18
Dodge: Dodged            |    78 |       ||    78
